 Dungeon Crawl Stone Soup version 0.19.1-1-g22dce08 (webtiles) character file.

4948 kae the Cleaver (level 10, -5/94 HPs)
             Began as a Hill Orc Fighter on Dec 30, 2016.
             Was a Priest of Beogh.
             Slain by a killer bee (11 damage)
             ... on level 8 of the Dungeon.
             The game lasted 00:09:22 (7421 turns).

kae the Cleaver (Hill Orc Fighter)                  Turns: 7421, Time: 00:09:23

Health: -5/94      AC: 16    Str: 28    XL:     10   Next: 52%
Magic:  13/15      EV:  7    Int:  8    God:    Beogh [***...]
Gold:   507        SH:  0    Dex: 10    Spells: 0 memorised, 9 levels left

rFire  + . .     SeeInvis +     b - +0 battleaxe
rCold  . . .     Gourm    .     E - +0 plate armour (curse)
rNeg   . . .     Faith    .     (shield currently unavailable)
rPois  .         Spirit   .     (no helmet)
rElec  .         Reflect  .     w - +1 cloak
rCorr  .         Harm     .     g - +2 pair of gloves
MR     .....                    (no boots)
Stlth  ..........               (no amulet)
                                v - ring of protection from fire
                                e - ring of see invisible

@: mighty, lethally poisoned (-5 -> -22)
A: no striking features
a: Smiting, Renounce Religion


You were on level 8 of the Dungeon.
You worshipped Beogh.
Beogh was most pleased with you.
You were hungry.

You visited 1 branch of the dungeon, and saw 8 of its levels.

You collected 507 gold pieces.

Inventory:

Hand Weapons
 b - a +0 battleaxe (weapon)
 x - a +1 hand axe of chopping
 T - a +0 war axe
Missiles
 K - 6 tomahawks (quivered)
Armour
 c - a +0 shield
 g - a +2 pair of gloves (worn)
 w - a +1 cloak (worn)
 B - a +2 chain mail of fire resistance
 E - a cursed +0 plate armour (worn)
Rods
 R - a +0 rod of clouds (9/9)
   (You found it on level 7 of the Dungeon)
Jewellery
 e - a ring of see invisible (left hand)
 j - a +3 ring of intelligence
 t - an uncursed ring of protection from fire
 v - a ring of protection from fire (right hand)
Wands
 i - a wand of disintegration (24/24)
 y - a wand of polymorph (9/24)
 H - a wand of teleportation (5/9)
 I - a wand of disintegration (9/24)
 M - a wand of lightning (4/15)
 O - a wand of slowing (21/48)
 P - a wand of iceblast (10/15)
Scrolls
 h - 3 scrolls of remove curse
 l - 3 scrolls of teleportation
 r - a scroll of noise
 s - 3 scrolls of recharging
 u - a scroll of magic mapping
 N - a scroll of amnesia
 Q - a scroll of vulnerability {unknown}
Potions
 d - a potion of might
 k - a potion of brilliance
 o - 2 potions of curing
 p - a potion of cure mutation
 q - 2 potions of haste
 z - a potion of magic
 A - a potion of cancellation
 C - a potion of flight {unknown}
 D - 2 potions of ambrosia {unknown}
 J - a potion of heal wounds
 L - a potion of berserk rage {unknown}
Books
 F - a book of Cantrips

   Spells                             Type                      Level
   a - Confusing Touch                Hexes                        1
   b - Animate Skeleton               Necromancy                   1
   c - Summon Small Mammal            Summoning                    1
   d - Apportation                    Translocation                1
 G - a book of Conjurations

   Spells                             Type                      Level
   a - Magic Dart                     Conjuration                  1
   b - Searing Ray                    Conjuration                  2
   c - Dazzling Spray                 Conjuration/Hexes            3
   d - Fulminant Prism                Conjuration/Hexes            4
   e - Iskenderun's Mystic Blast      Conjuration                  4
   f - Iskenderun's Battlesphere      Conjuration/Charms           5
Comestibles
 f - 6 bread rations
 m - a slice of pizza
 n - 2 meat rations


   Skills:
 + Level 10.4 Fighting
 * Level 14.3 Axes
 - Level 3.2 Armour
 - Level 3.2 Shields
 + Level 7.4 Invocations


You had 9 spell levels left.
You didn't know any spells.

Dungeon Overview and Level Annotations

Branches:
Dungeon (8/15)             Temple (0/1) D:4
   Lair: D:8-11

Altars:
Ashenzari
Fedhas
Gozag
Kikubaaqudgha
Makhleb
Trog
Xom
The Shining One


Message History

You barely miss the killer bee.
You feel sick.
The killer bee stings you but does no damage. x2
The killer bee stings you.
* * * LOW HITPOINT WARNING * * *
You miss the killer bee.
You feel sick.
The killer bee stings you but does no damage.
The killer bee stings you.
* * * LOW HITPOINT WARNING * * *
You are lethally poisoned!
The killer bee poisons you!
The killer bee rages.
The killer bee stings you!
* * * LOW HITPOINT WARNING * * *
You slash the killer bee!
The killer bee is moderately wounded.
* * * LOW HITPOINT WARNING * * *
You feel sick.
The killer bee stings you but does no damage.
The killer bee stings you!
You die...

###.#<.#.....#
#.#.####...#.#
#.......##...#
#######.##.....>.#
#.......##..####.#
#.########..# #.#
# #........#..#
#.#
#W########.#..#
#.#
#yyy@......#..#
#.#
#yy#########(.#
#.#


.oya. ...# #.# ....y.# ##.# #.# .....# #.# ....# #.# ...# ... You could see a
phantom, a worker ant, 7 killer bees and an orc.

Vanquished Creatures
  Pikel (D:5)
  A queen bee (D:8)
  A hippogriff (D:7)
  Grinder (D:3)
  Sigmund (D:3)
  A wraith (D:7)
  Eustachio (D:5)
  Menkaure (D:4)
  Edmund (D:4)
  3 orc warriors
  4 ogres
  2 phantoms
  5 centaurs
  Blork the orc (D:5)
  4 bullfrogs
  4 scorpions
  7 killer bees (D:8)
  2 howler monkeys
  A quasit (D:7)
  2 hounds
  3 jellies
  Crazy Yiuf (D:2)
  A gnoll shaman (D:4)
  3 orc priests
  7 orc wizards
  3 bullfrog skeletons
  Jessica (D:2)
  Ijyb (D:2)
  2 iguanas (D:4)
  4 worker ants
  2 hound skeletons
  Robin (D:3)
  10 adders
  2 howler monkey skeletons (D:7)
  10 gnolls
  A shadow imp (D:7)
  An ooze (D:1)
  4 dart slugs
  8 leopard geckos
  25 orcs
  7 giant cockroaches
  19 goblins
  11 hobgoblins
  17 jackals
  5 kobolds
  2 quokkas
  A ball python skeleton (D:4)
  A bat (D:3)
  4 frilled lizards
  A quokka skeleton (D:4)
  6 rats
208 creatures vanquished.

Vanquished Creatures (others)
  An orc wizard (D:8)
  An ooze (D:5)
  6 orcs
  A frilled lizard (D:3)
  A plant (D:8)
10 creatures vanquished.

Grand Total: 218 creatures vanquished

Notes
Turn   | Place    | Note
-------+----------+-------------------------------------------
     0 | D:1      | kae the Hill Orc Fighter began the quest for the Orb.
     0 | D:1      | Reached XP level 1. HP: 19/19 MP: 1/1
    40 | D:1      | Reached skill level 3 in Axes
   281 | D:1      | Reached XP level 2. HP: 27/27 MP: 2/2
   387 | D:1      | Reached skill level 4 in Axes
   428 | D:1      | Reached XP level 3. HP: 21/33 MP: 3/3
   974 | D:2      | Noticed Jessica
   985 | D:2      | Killed Jessica
   985 | D:2      | Reached XP level 4. HP: 35/41 MP: 4/4
  1069 | D:2      | Found a burning altar of Makhleb.
  1154 | D:2      | Noticed Ijyb
  1165 | D:2      | Killed Ijyb
  1165 | D:2      | Reached skill level 5 in Axes
  1362 | D:2      | Found an opulent altar of Gozag.
  1530 | D:2      | Found a runed door.
  1534 | D:2      | Noticed Crazy Yiuf
  1539 | D:2      | Killed Crazy Yiuf
  1539 | D:2      | Reached skill level 5 in Fighting
  1539 | D:2      | Reached XP level 5. HP: 31/48 MP: 5/5
  1798 | D:3      | Found a shimmering altar of Xom.
  1821 | D:3      | Reached skill level 6 in Axes
  1856 | D:3      | Noticed Robin
  1887 | D:3      | Killed Robin
  2269 | D:3      | Reached XP level 6. HP: 55/56 MP: 6/6
  2318 | D:3      | Noticed Sigmund
  2334 | D:3      | Killed Sigmund
  2334 | D:3      | Reached skill level 7 in Axes
  2509 | D:3      | Became a worshipper of Beogh the Brigand
  2573 | D:3      | Reached XP level 7. HP: 63/63 MP: 7/7
  2719 | D:3      | Noticed Grinder
  2741 | D:3      | Killed Grinder
  2741 | D:3      | Reached skill level 8 in Axes
  2992 | D:4      | Reached skill level 9 in Axes
  3044 | D:4      | Noticed Edmund
  3239 | D:4      | Killed Edmund
  3239 | D:4      | Reached XP level 8. HP: 73/73 MP: 8/8
  3345 | D:4      | Reached skill level 10 in Axes
  3390 | D:4      | Reached * piety under Beogh
  3514 | D:4      | Noticed Menkaure
  3524 | D:4      | Killed Menkaure
  3651 | D:4      | Found a staircase to the Ecumenical Temple.
  3682 | D:4      | Reached skill level 11 in Axes
  3746 | D:5      | Entered Level 5 of the Dungeon
  3803 | D:5      | Found a shattered altar of Ashenzari.
  3926 | D:5      | Noticed Pikel
  3941 | D:5      | Killed Pikel
  3941 | D:5      | Reached XP level 9. HP: 75/82 MP: 8/11
  3993 | D:5      | Noticed Blork the orc
  4010 | D:5      | Killed Blork the orc
  4045 | D:5      | Noticed Eustachio
  4218 | D:5      | Killed Eustachio
  4218 | D:5      | Reached skill level 12 in Axes
  4332 | D:5      | Found a blossoming altar of Fedhas.
  4338 | D:5      | Found an ancient bone altar of Kikubaaqudgha.
  5424 | D:6      | Reached skill level 5 in Invocations
  5425 | D:6      | Reached ** piety under Beogh
  5447 | D:6      | Found a glowing golden altar of the Shining One.
  5605 | D:6      | Reached skill level 13 in Axes
  6098 | D:7      | Reached XP level 10. HP: 91/92 MP: 14/14
  6274 | D:7      | Reached skill level 10 in Fighting
  6318 | D:7      | Reached *** piety under Beogh
  6685 | D:7      | Found a bloodstained altar of Trog.
  6714 | D:7      | Reached skill level 14 in Axes
  7004 | D:8      | HP: 4/93 [poisoned by a killer bee]
  7421 | D:8      | Slain by a killer bee

Skill      XL: |  1  2  3  4  5  6  7  8  9 10 |
---------------+-------------------------------+-----
Axes           | 3 4 5 6 7 9 11 13 14 | 14.3
Fighting       | 4 5 6 7 8 9 10 | 10.4
Invocations    | 3 6 7 |  7.4
Armour         | |  3.2
Shields        | |  3.2

Action                   |  1- 3 |  4- 6 |  7- 9 | 10-12 || total
-------------------------+-------+-------+-------+-------++-------
Melee: War axe           |    76 |    53 |       |       ||   129
       Hand axe          |       |   120 |   453 |    94 ||   667
       Battleaxe         |       |       |       |    68 ||    68
Throw: Tomahawk          |       |       |     2 |       ||     2
Invok: Convert to Beogh  |       |     1 |       |       ||     1
       Smiting           |       |       |       |     2 ||     2
  Use: Scroll            |       |       |    17 |       ||    17
       Potion            |       |       |       |     4 ||     4
  Eat: Chunk             |       |     1 |     8 |     5 ||    14
       Meat ration       |       |     1 |       |       ||     1
       Royal jelly       |       |       |     1 |       ||     1
Armor: Scale mail        |    34 |    41 |       |       ||    75
       Chain mail        |       |    25 |   169 |       ||   194
       Plate armour      |       |       |     7 |   150 ||   157
Dodge: Dodged            |    19 |    41 |    54 |    55 ||   169
Block: Shield            |    33 |    68 |   153 |    37 ||   291
